Map: Orbital Shipyard

Players

qxc - Winner!

  • Race: Terran Terran
  • League: Master

fOtroS (SortOf)

  • Race: Zerg Zerg
  • League: Master

Event: Lycan League Weekly August #2

VOD

Have the link to the VOD?

Description

Time

  • Played on: Aug. 10, 2015, 1:21 p.m.
  • Length: 17:30

All games in this series

Show
View Real Time Build Order
Export as new Build Order

qxc Terran - Winner!

Build Orders: Hellion Opening, Liberator Opening, Reaper Expand 

Get SALT Encoding   

  12  0:00  SCV  
  13  0:12  SCV  
  14  0:17  Supply Depot  
  14  0:25  SCV  
  15  0:32  Refinery  
  15  0:39  SCV  
  16  0:44  Barracks  
  16  0:51  SCV  
  17  1:03  SCV  
  18  1:15  SCV  
  19  1:31  Reaper, Orbital Command  
  20  1:45  Command Center  
  20  1:55  Factory  
  20  1:59  SCV  
  21  2:10  Barracks Reactor  
  21  2:12  SCV  
  21  2:13  Supply Depot  
  22  2:22  Refinery  
  22  2:24  SCV  
  23  2:36  SCV  
  24  2:48  SCV  
  25  2:52  Starport  
  25  2:56  Hellion x2  
  25  2:58  Orbital Command  
  29  3:01  SCV  
  30  3:07  Marine  
  30  3:11  Liberator  
  31  3:13  SCV  
  31  3:18  Hellion x2  
  36  3:25  SCV x2, Supply Depot  
  41  3:37  SCV x2  
  41  3:40  Hellion  
  45  3:47  Hellion  
  47  3:49  Armory  
  47  3:50  SCV  
  47  3:51  SCV  
  49  3:58  Supply Depot  
  49  4:00  Supply Depot  
  49  4:02  SCV, Liberator  
  50  4:03  SCV  
  50  4:11  Hellion  
  50  4:14  SCV  
  53  4:18  Supply Depot, SCV  
  53  4:23  Hellion  
  59  4:26  SCV  
  60  4:31  Refinery  
  60  4:33  SCV  
  61  4:38  SCV  
  61  4:40  Hellion  
  61  4:45  SCV, Liberator  
  65  4:50  SCV  
  66  4:54  Hellion  
  68  5:01  Hellion  
  74  5:07  SCV  
  74  5:08  Command Center  
  70  5:19  SCV, Hellion  
  71  5:23  SCV, Hellion  
  74  5:31  SCV  
  74  5:33  Factory x2, Engineering Bay  
  74  5:35  SCV, Liberator  
  68  5:43  SCV  
  68  5:47  SCV, Terran Vehicle Weapons Level 1  
  68  5:48  Hellion x2, Refinery  
  70  5:55  SCV  
  74  5:59  SCV  
  75  6:07  SCV  
  76  6:12  SCV  
  76  6:17  Factory Tech Lab x2  
  77  6:20  SCV, Hellion x2, Supply Depot  
  77  6:21  Supply Depot  
  77  6:22  SCV  
  77  6:24  SCV  
  77  6:38  Thor  
  77  6:39  SCV, Supply Depot  
  84  6:43  SCV, Missile Turret  
  84  6:45  Missile Turret  
  85  6:48  Missile Turret x3  
  85  6:50  Hellion x2  
  85  6:51  SCV  
  85  6:52  Thor  
  93  6:55  SCV  
  93  6:59  Orbital Command  
  89  7:03  SCV  
  89  7:07  SCV, Starport Reactor  
  91  7:14  Missile Turret  
  91  7:15  SCV  
  91  7:19  SCV, Missile Turret  
  91  7:20  Hellion, Missile Turret  
  91  7:21  Hellion  
  95  7:31  Thor  
  101  7:37  Refinery  
  101  7:38  Refinery  
  101  7:44  Thor, Hellion x2  
  105  7:47  Terran Vehicle Weapons Level 2  
  111  7:56  Command Center  
  109  8:08  Factory  
  109  8:09  Factory  
  107  8:16  Armory  
  107  8:20  Command Center  
  107  8:21  Command Center  
  107  8:22  Supply Depot  
  107  8:24  Supply Depot  
  109  8:27  Hellion x2, Cyclone  
  109  8:32  Cyclone  
  99  8:57  Factory Tech Lab, Factory Reactor  
  99  8:58  Hellion x2  
  99  8:59  Cyclone  
  99  9:01  Viking x2  
  104  9:07  Cyclone  
  107  9:11  Unknown  
  107  9:21  Hellion x3  
  113  9:29  Command Center x2  
  113  9:31  Cyclone  
  113  9:37  Orbital Command  
  116  9:41  Cyclone  
  116  9:42  Hellion x2  
  123  9:45  Siege Tank  
  123  9:46  Hellion  
  123  9:47  Hellion  
  123  9:48  Refinery x2  
  127  9:54  Missile Turret  
  127  10:00  Terran Vehicle And Ship Armor Level 1  
  127  10:05  Fusion Core  
  126  10:11  Cyclone, Hellion x2  
  126  10:12  Hellion x2  
  136  10:16  SCV x3, Orbital Command  
  136  10:17  SCV, Planetary Fortress  
  138  10:28  SCV x3  
  138  10:34  Supply Depot, Cyclone  
  138  10:35  Supply Depot, Hellion  
  145  10:40  SCV x2  
  147  10:43  SCV  
  147  10:47  Orbital Command x2  
  147  10:49  Cyclone x2  
  154  10:50  Hellion  
  154  10:53  SCV  
  153  10:59  SCV  
  153  11:01  Hellion x3  
  160  11:05  Supply Depot  
  160  11:06  Supply Depot  
  160  11:09  Sensor Tower  
  160  11:10  Refinery  
  154  11:14  Unknown  
  154  11:15  Siege Tank  
  154  11:16  Hellion  
  159  11:21  Hellion, Siege Tank  
  159  11:22  Hellion  
  159  11:25  Terran Vehicle Weapons Level 3  
  166  11:27  Hellion x2  
  170  11:33  Command Center  
  170  11:37  Hellion  
  172  11:42  Cyclone  
  172  11:44  Hellion  
  177  11:52  Cyclone  
  177  11:53  Hellion x2, Cyclone  
  187  11:57  Starport  
  187  12:06  Infernal Pre-Igniter  
  187  12:07  Hellion x2  
  191  12:14  Hellion  
  193  12:16  Cyclone, Hellion  
  193  12:20  Terran Vehicle And Ship Armor Level 2  
  196  12:24  Hellion  
  196  12:25  Command Center, Hellion  
  186  13:00  Cyclone x3  
  195  13:05  Factory  
  195  13:07  Factory  
  195  13:08  Factory  
  195  13:26  Hellion x2  
  187  13:30  Viking x2  
  187  13:32  Cyclone x2  
  194  13:37  Cyclone  
  194  13:38  Hellion  
  199  13:51  Starport Reactor  
  197  13:57  Hellion  
  197  13:58  Factory Tech Lab x3, Hellion  
  191  14:04  Cyclone x2  
  191  14:09  Cyclone  
  183  14:20  Planetary Fortress  
  177  14:27  Cyclone x3  
  177  14:28  Hellion x4  
  172  14:36  Hellion  
  172  14:37  Hellion  
  173  14:41  Hellion  
  173  14:43  Refinery  
  173  14:44  Refinery  
  175  14:49  Hellion x2  
  179  14:55  Planetary Fortress  
  179  14:57  Hellion x2  
  179  14:58  Cyclone x2  
  179  14:59  Hellion  
  191  15:01  Hellion x2  
  191  15:02  Hellion  
  193  15:08  Refinery  
  193  15:11  Refinery  
  193  15:12  Hellion x2  
  193  15:19  Hellion  
  193  15:20  Cyclone  
  198  15:25  Hellion  
  198  15:26  Command Center  
  198  15:28  Command Center x2  
  200  15:31  Command Center x2  
  200  15:42  Hellion  
  200  15:49  Command Center, Hellion  
  200  15:51  Command Center  
  198  16:00  Cyclone  
  196  16:04  Cyclone x2  
  196  16:05  Hellion  
  196  16:10  Cyclone x3  
  196  16:11  Hellion x3  
  167  16:21  Medivac x2  
  161  16:26  Hellion  
  161  16:32  Hellion x3, Cyclone  
  172  16:36  Cyclone x2  
  178  16:42  Hellion x2  
  178  16:45  Orbital Command  
  178  16:46  Orbital Command x2  
  182  16:51  Cyclone, Hellion  
  182  16:53  Hellion  
  189  16:57  Hellion  
  189  16:58  Medivac  
  193  17:05  Hellion  
Show
View Real Time Build Order
Export as new Build Order

fOtroS Zerg 

Build Orders: Hatch First 

Get SALT Encoding   

  12  0:01  Drone  
  13  0:12  Overlord  
  13  0:17  Drone  
  14  0:31  Drone x2  
  16  0:36  Drone  
  17  0:45  Drone  
  18  0:55  Hatchery  
  17  0:59  Drone  
  18  1:10  Drone  
  19  1:21  Drone  
  19  1:23  Spawning Pool  
  19  1:28  Extractor  
  19  1:29  Drone  
  19  1:40  Drone  
  20  1:49  Overlord  
  20  2:02  Drone  
  21  2:09  Queen  
  21  2:10  Zergling x2  
  21  2:12  Queen  
  21  2:13  Zergling x2  
  27  2:18  Drone  
  27  2:22  Drone  
  29  2:27  Metabolic Boost  
  29  2:32  Drone x2  
  31  2:42  Overlord  
  31  2:45  Drone  
  31  2:49  Queen  
  34  2:52  Drone  
  34  2:57  Drone  
  36  3:03  Drone  
  36  3:05  Drone  
  38  3:12  Lair  
  38  3:16  Drone x2  
  38  3:17  Drone x2  
  38  3:19  Overlord  
  42  3:20  Drone  
  42  3:23  Zergling x2  
  44  3:29  Extractor  
  44  3:30  Drone, Overlord  
  44  3:31  Extractor  
  44  3:32  Drone  
  44  3:36  Queen  
  44  3:37  Drone x2  
  48  3:41  Drone  
  48  3:44  Drone  
  50  3:57  Drone x5  
  50  3:58  Drone  
  50  3:59  Overlord, Extractor  
  50  4:00  Drone x2  
  57  4:13  Queen  
  57  4:15  Spire  
  58  4:26  Overseer  
  58  4:27  Zergling x2  
  58  4:28  Zergling x4  
  58  4:30  Hatchery  
  58  4:31  Drone x2  
  62  4:37  Drone  
  63  4:41  Baneling Nest  
  62  4:47  Zergling x12  
  67  4:56  Queen x2  
  60  5:02  Zergling x8  
  64  5:09  Zergling x4  
  62  5:14  Zergling x6  
  66  5:40  Queen  
  54  5:43  Mutalisk, Queen  
  56  6:00  Pneumatized Carapace  
  51  6:16  Queen  
  47  6:30  Mutalisk  
  47  6:34  Queen  
  47  6:43  Mutalisk, Queen  
  50  6:52  Mutalisk  
  52  7:03  Drone x3  
  52  7:07  Roach Warren  
  54  7:08  Drone  
  54  7:09  Drone x2  
  54  7:11  Drone  
  54  7:14  Drone  
  54  7:15  Drone  
  60  7:20  Drone x2  
  62  7:23  Drone  
  63  7:30  Evolution Chamber  
  63  7:33  Drone x2  
  64  7:39  Drone x2  
  64  7:41  Overlord x2  
  64  7:42  Overlord x3  
  66  7:47  Overlord  
  66  8:00  Glial Reconstitution  
  66  8:01  Zerg Missile Weapons Level 1  
  66  8:02  Drone x9  
  75  8:07  Roach x2  
  75  8:12  Extractor  
  78  8:13  Roach  
  78  8:14  Roach  
  78  8:15  Roach  
  78  8:16  Roach  
  82  8:22  Roach  
  82  8:26  Roach  
  86  8:30  Zergling x6  
  86  8:33  Zergling x2  
  90  8:36  Zergling x4, Roach, Extractor  
  93  8:46  Roach x2, Zergling x6  
  96  8:49  Roach x2, Zergling x4  
  96  8:51  Zergling x2  
  96  8:54  Drone  
  96  8:55  Drone x3  
  99  9:04  Drone x3  
  102  9:12  Hydralisk Den  
  102  9:13  Drone  
  102  9:15  Roach  
  102  9:16  Evolution Chamber  
  103  9:17  Overlord  
  101  9:24  Ravager x2  
  101  9:25  Ravager x2  
  101  9:28  Drone x2  
  104  9:31  Hatchery  
  104  9:38  Drone x3  
  102  9:44  Queen  
  100  9:47  Drone  
  100  9:51  Muscular Augments  
  100  9:52  Zerg Ground Armor Level 1  
  101  9:53  Hydralisk  
  101  9:55  Overlord, Infestation Pit  
  101  9:57  Drone  
  101  9:58  Drone  
  104  10:00  Overlord  
  104  10:07  Extractor  
  104  10:11  Extractor  
  102  10:15  Roach x3  
  102  10:16  Roach x3  
  102  10:17  Overlord  
  102  10:19  Hatchery  
  111  10:26  Zerg Melee Weapons Level 1  
  111  10:27  Drone x11  
  120  10:29  Drone  
  121  10:41  Hive  
  121  10:45  Drone x2, Overseer  
  121  10:46  Drone  
  121  10:48  Hydralisk x4  
  132  10:57  Overlord  
  132  10:59  Overlord  
  132  11:17  Overlord x2  
  132  11:18  Overlord x2  
  132  11:19  Hydralisk x6  
  132  11:22  Overlord  
  144  11:26  Spine Crawler  
  144  11:27  Overlord  
  144  11:30  Pathogen Glands  
  143  11:46  Zerg Ground Armor Level 2  
  143  11:47  Hydralisk  
  143  11:48  Hydralisk x6  
  143  11:49  Hatchery  
  143  11:52  Drone x2  
  143  11:53  Drone x2  
  160  12:00  Roach  
  160  12:01  Roach x4  
  170  12:11  Viper x2  
  176  12:18  Drone x4  
  180  12:31  Overlord  
  180  12:32  Overlord  
  180  12:35  Zerg Melee Weapons Level 2  
  178  12:39  Ultralisk Cavern  
  178  12:43  Roach x8  
  175  12:47  Roach  
  167  12:51  Roach  
  167  12:52  Roach x2  
  167  12:53  Extractor  
  170  12:59  Roach x8, Extractor  
  170  13:05  Infestor x2  
  182  13:09  Overlord  
  186  13:14  Overlord  
  187  13:21  Overlord  
  175  13:28  Hydralisk x4  
  175  13:29  Hydralisk  
  182  13:44  Hydralisk x6  
  182  13:45  Hydralisk  
  179  14:03  Hatchery  
  179  14:04  Roach x5  
  153  14:17  Drone x5  
  153  14:18  Drone  
  159  14:29  Infestor x5  
  139  14:38  Roach  
  139  14:39  Roach x4  
  149  14:49  Hatchery  
  148  14:54  Drone x3  
  148  14:55  Drone  
  152  15:15  Hydralisk x6  
  162  15:32  Overlord  
  149  15:46  Roach  
  149  15:47  Roach x12  
  160  15:55  Roach x4  
  130  16:13  Roach  
  130  16:16  Roach  
  130  16:17  Roach  
  98  16:38  Hydralisk x2  
  102  16:41  Hatchery  
  101  16:50  Hydralisk x2  
  99  17:22  Hatchery  

Tags
 
Add a new tag
Caveats
  • Supply blocks, unpowered buildings, or Contaminate may cause inaccurate times.
  • Supply counts are checked every 10 seconds.